 Dungeon Crawl Stone Soup version 0.19-a0-1626-g5215c36 (webtiles) character file.

308 Lochraine the Cudgeler (level 6, -8/62 HPs)
             Began as an Ogre Monk on Sept 18, 2016.
             Was a Believer of Okawaru.
             Mangled by a wight
             ... wielding a +0 great sword of protection
              (10 damage)
             ... on level 3 of the Dungeon.
             The game lasted 00:16:29 (3295 turns).

Lochraine the Cudgeler (Ogre Monk)                  Turns: 3295, Time: 00:16:30

Health: -8/62      AC:  9    Str: 17 (18) XL:     6   Next: 40%
Magic:  5/6        EV: 10    Int:  8 (9)  God:    Okawaru [**....]
Gold:   120        SH:  0    Dex: 12 (13) Spells: 0 memorised, 5 levels left

rFire  . . .     SeeInvis .     x - +0 flail (protect)
rCold  . . .     Gourm    .     b - +1 robe
rNeg   . . .     Faith    .     (no shield)
rPois  .         Spirit   .     (helmet restricted)
rElec  .         Dismiss  .     (no cloak)
rCorr  .         Reflect  .     (gloves unavailable)
MR     .....     Harm     .     (boots unavailable)
Stlth  +.........               (no amulet)
                                (no ring)
                                (no ring)

@: very heavily drained
A: unfitting armour, tough skin 1
a: Heroism, Renounce Religion


You were on level 3 of the Dungeon.
You worshipped Okawaru.
Okawaru was pleased with you.
You were hungry.

You visited 1 branch of the dungeon, and saw 3 of its levels.

You collected 120 gold pieces.

Inventory:

Hand Weapons
 a - a +0 mace
 i - a +3 flail
 q - a +0 flail
 x - a +0 flail of protection (weapon)
 y - a cursed +2 flail
 z - a +2 mace
Missiles
 j - 59 stones (quivered)
 l - 5 javelins
Armour
 b - a +1 robe (worn)
Jewellery
 f - an uncursed amulet of harm
 o - an uncursed ring of wizardry {unknown}
Scrolls
 d - 2 scrolls of enchant armour
 e - 2 scrolls of remove curse {unknown}
 h - a scroll of identify {unknown}
 k - 2 scrolls of random uselessness {unknown}
 m - a scroll of recharging {unknown}
 n - a scroll of amnesia {unknown}
 r - a scroll of teleportation {unknown}
 v - a scroll of noise {unknown}
 w - a scroll of enchant weapon {unknown}
Potions
 p - 2 potions of degeneration
 u - a potion of flight {unknown}
Comestibles
 c - 2 bread rations
 g - 3 meat rations
 s - a beef jerky
 t - 4 chunks of flesh


   Skills:
 - Level 4.0(1.0) Fighting
 - Level 7.0(3.8) Maces & Flails
 + Level 4.9(1.8) Dodging
 - Level 1.5(0.0) Stealth


You had 5 spell levels left.
You didn't know any spells.

Dungeon Overview and Level Annotations

Branches:
Dungeon (3/15)

Altars:
Fedhas
Nemelex Xobeh
Okawaru
Sif Muna
Xom
The Shining One


Innate Abilities, Weirdness & Mutations

You are too large for most types of armour.
You have tough skin. (AC +1)


Message History

The wight hits you with a great sword of protection!
* * * LOW HITPOINT WARNING * * *
You feel drained.
* * * LOW HITPOINT WARNING * * *
Okay, then.
Okay, then.
You hit the wight.
The wight is almost destroyed.
The wight misses you.
You closely miss the wight.
The wight is almost destroyed.
You closely miss the wight.
The wight is almost destroyed.
You feel like a meek peon again.
The wight hits you with a great sword of protection!
* * * LOW HITPOINT WARNING * * *
You closely miss the wight.
The wight is almost destroyed.
The wight hits you with a great sword of protection!
You die...

#..........#
###........#
#........#
#........#
#........#
######.###.####
#......# #z#
#......#....
#...@z.#.#.##
#...[........
#......#.#.##
#......#.#.#
#........#.#
#..%.....#
#........#
#........#
#........#


You could see a wight.

Vanquished Creatures
  3 wights
  Jessica (D:3)
  An orc wizard (D:3)
  4 gnolls (D:2)
  An adder (D:2)
  4 worms
  A dart slug (D:3)
  A leopard gecko (D:2)
  10 orcs
  2 ball pythons
  6 bats
  4 giant cockroaches
  5 hobgoblins
  5 jackals (D:2)
  A quokka (D:2)
  2 frilled lizards
  8 goblins
  7 kobolds
  2 rats
68 creatures vanquished.

Notes
Turn   | Place    | Note
-------+----------+-------------------------------------------
     0 | D:1      | Lochraine the Ogre Monk began the quest for the Orb.
     0 | D:1      | Reached XP level 1. HP: 24/24 MP: 1/1
   250 | D:1      | Reached XP level 2. HP: 28/32 MP: 2/2
   561 | D:2      | Reached skill level 5 in Maces & Flails
   581 | D:2      | Found a shimmering altar of Xom.
   583 | D:2      | Found a glowing golden altar of the Shining One.
   583 | D:2      | Found a blossoming altar of Fedhas.
   592 | D:2      | Found a deep blue altar of Sif Muna.
   593 | D:2      | Found a sparkling altar of Nemelex Xobeh.
  1126 | D:2      | Reached XP level 3. HP: 32/39 MP: 3/3
  1247 | D:2      | Reached skill level 6 in Maces & Flails
  1514 | D:2      | Reached XP level 4. HP: 34/48 MP: 4/4
  2367 | D:2      | Reached skill level 7 in Maces & Flails
  2518 | D:3      | Found an iron altar of Okawaru.
  2526 | D:3      | Became a worshipper of Warmaster Okawaru
  2526 | D:3      | Reached * piety under Okawaru
  2526 | D:3      | Reached ** piety under Okawaru
  2611 | D:2      | Reached XP level 5. HP: 8/54 MP: 5/5
  3176 | D:3      | Noticed Jessica
  3210 | D:3      | Killed Jessica
  3210 | D:3      | Reached XP level 6. HP: 59/62 MP: 3/6
  3294 | D:3      | HP: 2/62 [wight/great sword of protection (7)]
  3295 | D:3      | Mangled by a wight

Vault maps used:
D:1:      lemuel_arrival_hallway
D:2:      grunt_temple_overflow_open
D:3:      minmay_misc_feat_hallway, kennysheep_okawaru_gauntlet, uniq_jessica

Skill      XL: |  1  2  3  4  5 |
---------------+----------------+-----
Maces & Flails | 5 6 7 |  7.0
Dodging        | 3 4 |  4.9
Fighting       | |  4.0
Stealth        | |  1.5

Action                   |  1- 3 |  4- 6 || total
-------------------------+-------+-------++-------
Melee: Mace              |    69 |       ||    69
       Flail             |    21 |   148 ||   169
Throw: Stone             |     2 |    11 ||    13
       Throwing net      |       |     1 ||     1
Invok: Heroism           |       |     4 ||     4
  Use: Potion            |       |     2 ||     2
       Scroll            |       |     1 ||     1
 Stab: Sleeping          |     2 |     1 ||     3
  Eat: Chunk             |     2 |     5 ||     7
Armor: Robe              |    20 |    32 ||    52
Dodge: Dodged            |    42 |    68 ||   110
